Map: Defender's Landing LE

Players

Nerchio - Winner!

  • Race: Zerg Zerg
  • Spawn Location: 7:00

TIME (Oliveira)

  • Race: Terran Terran
  • Spawn Location: 1:00

Event: WCS Jonkoping 2017

VOD

Have the link to the VOD?

Description

Time

  • Played on: June 17, 2017, 1:27 p.m.
  • Length: 15:54

All games in this series

Show
View Real Time Build Order
Export as new Build Order

Nerchio Zerg - Winner!

Build Orders: Pool First 

Get SALT Encoding   

  12  0:00  Drone  
  13  0:12  Overlord  
  13  0:17  Drone  
  14  0:31  Drone x2  
  14  0:34  Drone  
  17  0:45  Spawning Pool  
  17  0:48  Drone  
  17  0:57  Drone  
  17  1:02  Extractor  
  17  1:15  Hatchery  
  17  1:17  Drone  
  17  1:31  Queen, Zergling x2  
  20  1:35  Drone  
  20  1:39  Drone  
  22  1:49  Overlord  
  22  2:08  Queen  
  22  2:10  Drone  
  22  2:14  Drone  
  22  2:15  Roach Warren  
  25  2:22  Drone  
  26  2:28  Queen  
  28  2:34  Overlord  
  28  2:55  Roach x4  
  36  3:02  Drone x2  
  36  3:04  Drone  
  39  3:09  Drone  
  39  3:10  Drone  
  41  3:15  Drone  
  41  3:19  Overlord  
  42  3:22  Drone  
  42  3:28  Overlord  
  42  3:31  Drone  
  43  3:35  Overlord  
  43  3:38  Drone  
  43  3:40  Drone  
  45  3:42  Drone  
  46  3:52  Evolution Chamber, Roach  
  46  3:55  Roach  
  49  3:59  Drone x3  
  52  4:03  Extractor  
  52  4:04  Drone x2  
  52  4:08  Drone x2  
  55  4:14  Drone x2  
  55  4:15  Drone  
  58  4:24  Lair  
  58  4:25  Drone x2  
  58  4:29  Extractor  
  59  4:33  Drone x2  
  59  4:34  Drone  
  59  4:37  Zerg Ground Armor Level 1  
  62  4:39  Drone  
  62  4:40  Drone  
  62  4:43  Extractor  
  62  4:44  Overlord  
  63  4:48  Overlord  
  63  4:54  Ravager x2  
  63  4:58  Roach  
  67  5:08  Roach  
  67  5:09  Roach  
  67  5:11  Hatchery  
  67  5:13  Drone x2  
  67  5:14  Drone x2  
  73  5:16  Drone  
  73  5:20  Drone x2  
  77  5:22  Glial Reconstitution  
  77  5:26  Evolution Chamber  
  76  5:30  Drone x2  
  76  5:31  Drone  
  76  5:32  Drone  
  80  5:36  Overlord  
  80  5:40  Overlord  
  80  5:48  Roach x2  
  84  5:52  Zerg Missile Weapons Level 1  
  84  5:53  Infestation Pit  
  84  5:54  Overlord  
  84  5:56  Overlord  
  83  5:59  Overseer  
  83  6:01  Roach  
  83  6:03  Roach  
  87  6:09  Roach x2  
  91  6:18  Roach x4  
  91  6:26  Roach x2  
  91  6:28  Roach x2  
  91  6:29  Roach  
  91  6:32  Roach  
  82  6:33  Roach  
  82  6:36  Roach  
  82  6:38  Roach  
  80  6:40  Roach  
  80  6:43  Roach  
  84  6:50  Queen  
  86  6:56  Zerg Ground Armor Level 2  
  86  7:03  Drone x2  
  86  7:04  Drone x2  
  86  7:05  Drone  
  86  7:07  Drone  
  92  7:11  Ravager x2  
  92  7:12  Ravager  
  92  7:13  Roach  
  92  7:14  Roach  
  93  7:25  Drone x6  
  93  7:26  Drone x2  
  93  7:28  Drone  
  100  7:31  Drone  
  100  7:36  Extractor, Queen  
  102  7:37  Extractor  
  102  7:40  Drone x4  
  105  7:44  Infestor  
  107  7:51  Roach  
  107  7:52  Roach x2  
  107  7:55  Roach  
  105  7:59  Roach  
  105  8:04  Overlord x2  
  99  8:07  Overlord x2  
  99  8:09  Roach x3  
  99  8:11  Roach  
  95  8:13  Roach  
  95  8:15  Roach  
  95  8:18  Roach  
  96  8:26  Burrow  
  96  8:28  Hatchery  
  96  8:29  Roach  
  96  8:30  Roach  
  96  8:32  Roach  
  103  8:34  Roach  
  103  8:35  Roach  
  103  8:39  Zerg Melee Weapons Level 1  
  103  8:40  Roach  
  107  8:45  Roach x2  
  107  8:46  Ravager x3  
  114  8:53  Hive  
  114  8:54  Roach  
  116  8:55  Metabolic Boost  
  116  8:57  Overlord  
  116  9:00  Overlord  
  116  9:06  Roach  
  116  9:07  Roach x2  
  116  9:09  Roach  
  122  9:11  Roach  
  122  9:13  Roach x2  
  122  9:17  Ravager x3  
  123  9:18  Roach  
  123  9:19  Roach  
  123  9:21  Roach  
  123  9:23  Roach  
  133  9:26  Roach x2  
  133  9:29  Roach  
  133  9:30  Zergling x2  
  140  9:31  Zergling x2  
  140  9:33  Zergling x2  
  140  9:35  Zergling x2  
  140  9:36  Zergling x2  
  144  9:39  Overlord  
  144  9:41  Extractor  
  144  9:42  Overlord  
  144  9:44  Overlord  
  143  9:48  Infestor  
  143  9:49  Infestor  
  147  9:53  Drone x2  
  147  9:54  Drone  
  147  9:57  Overlord  
  150  10:04  Drone x4  
  150  10:05  Drone  
  155  10:07  Ultralisk Cavern  
  154  10:22  Hatchery, Zergling x8  
  154  10:23  Zergling x2  
  158  10:33  Zergling x2  
  158  10:34  Zergling x14  
  166  10:38  Overlord x2  
  166  10:51  Overlord  
  166  10:53  Chitinous Plating  
  166  10:55  Ultralisk  
  172  10:58  Ultralisk  
  178  11:04  Ultralisk  
  178  11:07  Ravager  
  178  11:08  Ravager x5  
  190  11:11  Zergling x2  
  190  11:12  Zergling x6  
  190  11:17  Zergling x4  
  190  11:18  Zergling x6  
  198  11:24  Zergling x6  
  136  11:42  Ultralisk x2  
  136  11:43  Zergling x16  
  133  11:50  Zerg Ground Armor Level 3  
  132  11:58  Roach x4  
  132  11:59  Roach  
  141  12:04  Drone x4  
  141  12:07  Zerg Melee Weapons Level 2  
  145  12:11  Adrenal Glands  
  145  12:14  Ravager  
  145  12:15  Ravager  
  147  12:16  Ravager  
  147  12:20  Zergling x8  
  147  12:21  Zergling x6  
  147  12:22  Zergling x2  
  156  12:23  Zergling x2  
  156  12:29  Zergling x10  
  162  12:30  Zergling x2  
  163  12:41  Spire  
  162  12:49  Extractor  
  161  12:59  Extractor  
  160  13:08  Drone x4  
  160  13:09  Drone x3  
  160  13:12  Hatchery  
  165  13:26  Overlord  
  165  13:28  Baneling Nest  
  165  13:31  Drone x2  
  165  13:32  Drone  
  165  13:33  Drone  
  165  13:34  Drone x2, Overlord  
  169  13:36  Overlord  
  169  13:43  Overlord x2  
  169  13:53  Corruptor  
  169  13:54  Corruptor x8  
  187  14:10  Baneling Nest  
  187  14:15  Zergling x28  
  180  14:38  Zergling x28  
  180  14:39  Zergling x2  
  177  14:48  Ultralisk  
  163  14:53  Infestor x2  
  163  14:55  Zergling x10  
  170  15:05  Ultralisk  
  175  15:14  Ultralisk  
  177  15:22  Zergling x18  
Show
View Real Time Build Order
Export as new Build Order

TIME Terran 

Build Orders: Bio Tank 

Get SALT Encoding   

  12  0:00  SCV  
  13  0:12  SCV  
  14  0:17  Supply Depot  
  14  0:25  SCV  
  15  0:39  SCV  
  15  0:40  Barracks  
  16  0:44  Refinery  
  16  0:51  SCV  
  17  0:59  Barracks  
  17  1:03  SCV  
  18  1:15  SCV  
  19  1:20  Barracks  
  19  1:28  Reaper  
  20  1:37  Orbital Command  
  20  1:42  Refinery  
  21  1:47  Reaper  
  21  1:54  Supply Depot  
  21  2:03  SCV, Reaper  
  23  2:18  SCV, Reaper  
  25  2:23  Reaper  
  25  2:24  Supply Depot  
  26  2:30  SCV  
  27  2:38  Reaper  
  27  2:43  SCV  
  29  2:52  Reaper  
  29  2:55  SCV  
  31  3:02  Reaper  
  32  3:07  SCV  
  32  3:09  Command Center  
  32  3:11  Reaper  
  34  3:17  Supply Depot  
  34  3:21  SCV  
  34  3:24  Reaper  
  36  3:31  Factory  
  36  3:34  SCV  
  36  3:40  Barracks Tech Lab  
  36  3:47  SCV  
  36  3:48  Barracks Reactor  
  37  3:58  Barracks Reactor  
  37  3:59  SCV, Marine  
  39  4:10  Stimpack  
  39  4:11  SCV  
  40  4:17  Marine  
  40  4:23  SCV  
  42  4:26  Marine x2  
  42  4:27  Starport  
  44  4:34  Supply Depot  
  44  4:35  SCV  
  44  4:37  Marine x2  
  47  4:39  Factory Reactor  
  47  4:42  Refinery  
  47  4:45  Marine x2  
  47  4:47  Orbital Command  
  47  4:51  SCV, Marine  
  51  4:57  Engineering Bay  
  51  5:00  Marine  
  51  5:01  Marine  
  51  5:03  SCV  
  54  5:09  Marine  
  54  5:11  Marine  
  56  5:14  SCV  
  56  5:15  SCV  
  56  5:17  Marine  
  59  5:23  Medivac x2  
  59  5:24  Marine  
  63  5:29  Marine  
  63  5:31  Factory Tech Lab  
  63  5:32  SCV  
  64  5:35  Supply Depot  
  64  5:37  Terran Infantry Weapons Level 1  
  64  5:39  SCV  
  65  5:43  Marine  
  65  5:44  SCV  
  65  5:47  Marine  
  65  5:49  Marine, Supply Depot  
  68  5:50  Marine  
  68  5:57  Marine  
  70  5:58  SCV  
  70  6:01  Supply Depot  
  70  6:03  Siege Tank  
  70  6:04  Marine  
  76  6:05  SCV  
  77  6:12  Medivac x2  
  77  6:14  Marine  
  77  6:17  Marine  
  83  6:20  Marine  
  83  6:22  Marine  
  83  6:25  Marine  
  83  6:32  Marine  
  77  6:34  SCV  
  77  6:35  Marine, SCV  
  77  6:38  Siege Tank, Marine  
  76  6:40  Combat Shields  
  76  6:44  Marine  
  76  6:45  Marine, Supply Depot  
  76  6:46  SCV  
  79  6:51  SCV, Medivac  
  82  6:55  Marine x2  
  82  6:56  Marine  
  82  6:58  SCV  
  86  7:02  Marine  
  86  7:03  Marine  
  86  7:05  SCV  
  89  7:13  Marine  
  89  7:14  Marine  
  91  7:15  Siege Tank  
  91  7:16  Marine  
  91  7:20  Marine  
  92  7:27  Marine  
  87  7:30  Command Center  
  87  7:31  Marine, Supply Depot  
  87  7:32  Marine  
  87  7:34  Terran Infantry Armor Level 1, Marine  
  87  7:36  SCV  
  91  7:37  Marine  
  92  7:44  Marine, Medivac x2  
  92  7:48  Marine  
  92  7:49  Marine  
  92  7:50  SCV  
  99  7:51  Marine  
  99  7:55  Marine  
  94  8:02  Marine  
  94  8:03  SCV  
  88  8:06  Marine  
  88  8:07  Marine  
  88  8:09  Marine  
  88  8:13  Marine  
  88  8:18  Barracks  
  88  8:19  Engineering Bay, Barracks  
  88  8:20  Marine, Refinery, Armory  
  88  8:22  Siege Tank  
  88  8:24  Marine  
  88  8:26  Marine  
  94  8:32  SCV  
  94  8:33  SCV  
  96  8:37  Liberator, Marine x2  
  96  8:38  Liberator, Marine  
  99  8:42  Marine  
  99  8:44  SCV  
  99  8:45  Marine  
  102  8:55  Marine x2  
  109  8:56  Siege Tank, Marine  
  109  8:57  Orbital Command  
  109  8:58  SCV  
  109  9:00  Marine  
  99  9:10  Marine  
  99  9:11  Barracks Reactor x2, Refinery x2  
  99  9:12  SCV  
  99  9:17  Marine x3  
  101  9:18  SCV  
  101  9:21  Terran Infantry Weapons Level 2  
  101  9:22  Marine  
  106  9:24  SCV  
  106  9:25  SCV  
  106  9:28  Marine  
  109  9:33  Siege Tank  
  109  9:34  Marine  
  109  9:35  Marine  
  114  9:39  Terran Vehicle Weapons Level 1  
  114  9:40  Marine  
  114  9:41  SCV  
  114  9:44  Supply Depot  
  114  9:45  Supply Depot  
  116  9:48  Marine x3  
  116  9:49  Marine x2  
  121  9:54  Terran Infantry Armor Level 2  
  121  9:55  Marine  
  122  10:00  Factory  
  122  10:01  Marine x2  
  124  10:07  Liberator  
  124  10:08  Supply Depot  
  124  10:09  Supply Depot  
  124  10:10  Siege Tank, Marine  
  124  10:12  Marine  
  129  10:16  SCV x2, Marine  
  129  10:17  Marine  
  129  10:18  Marine  
  129  10:21  Marine  
  135  10:27  Medivac  
  140  10:31  Marine, Supply Depot  
  140  10:32  Marine  
  140  10:34  Marine  
  143  10:37  Marine x2  
  143  10:38  Reaper  
  143  10:41  Marine  
  143  10:42  Marine  
  148  10:45  Siege Tank  
  148  10:47  Factory Tech Lab  
  148  10:48  Marine  
  152  10:51  Marine  
  152  10:53  Supply Depot  
  152  10:54  Marine x2  
  152  10:55  Supply Depot  
  155  11:03  Marine x2  
  157  11:04  Marine  
  157  11:05  Marine  
  157  11:08  Liberator x2  
  157  11:09  Marine  
  157  11:10  Marine  
  156  11:18  Marine  
  150  11:20  Marine  
  150  11:22  Marine, SCV  
  150  11:23  Marine x2  
  150  11:24  Marine  
  139  11:26  Siege Tank  
  139  11:32  Marine  
  131  11:33  Marine x2  
  131  11:36  Marine  
  131  11:38  Marine  
  113  11:40  Marine  
  113  11:41  Marine x2  
  95  11:48  SCV  
  95  11:50  Marine, SCV  
  95  11:51  Marine, SCV  
  92  11:56  Marine  
  92  11:58  Siege Tank  
  92  12:00  SCV  
  95  12:02  SCV  
  95  12:03  SCV  
  97  12:11  Terran Infantry Weapons Level 3, Marine  
  97  12:15  Marine x2  
  99  12:19  Marine  
  99  12:21  Siege Tank  
  99  12:22  SCV  
  105  12:23  SCV  
  105  12:25  Marine  
  105  12:26  Marine  
  105  12:27  Marine  
  105  12:29  Marine  
  110  12:30  Marine  
  110  12:33  Marine  
  110  12:36  Siege Tank  
  115  12:37  Marine  
  115  12:39  Marine  
  115  12:40  Liberator  
  115  12:41  Liberator  
  117  12:46  Marine  
  117  12:47  Marine x2  
  117  12:48  Marine  
  117  12:50  Marine  
  115  12:52  Marine  
  115  12:58  Supply Depot  
  119  13:00  Marine  
  119  13:03  Marine  
  119  13:05  Marine  
  126  13:07  Siege Tank  
  126  13:11  Terran Vehicle Weapons Level 2  
  128  13:14  Marine  
  128  13:15  Marine  
  127  13:20  Marine x2  
  127  13:21  Marine x3  
  127  13:22  Marine  
  133  13:30  Marine  
  133  13:32  Marine  
  133  13:33  Siege Tank  
  136  13:41  Marine  
  136  13:43  Siege Tank  
  139  13:49  Marine x2  
  139  13:53  Marine  
  139  13:54  Marine  
  143  14:02  Marine x2  
  143  14:03  Marine x2  
  143  14:05  Siege Tank  
  143  14:07  Marine  
  151  14:10  Marine  
  151  14:14  Marine  
  151  14:15  Marine  
  154  14:17  Marine  
  154  14:20  Marine x2  
  154  14:21  Marine  
  154  14:24  Marine  
  158  14:31  Marine  
  151  14:32  Marine  
  151  14:33  Marine  
  151  14:35  Marine  
  151  14:36  Marine  
  151  14:38  Marine x2  
  148  14:49  Marine  
  117  14:53  Orbital Command, Marine x2  
  117  14:54  Liberator, Marine  
  117  14:55  Siege Tank  
  112  15:02  Siege Tank  
  112  15:21  Marine  
  116  15:22  Marine  
  116  15:26  Marine x2  
  116  15:27  Marine  
  116  15:28  Marine x2  
  111  15:31  Marine  
  106  15:36  Marine  
  106  15:42  SCV  
Tags
 
Add a new tag
Caveats
  • Supply blocks, unpowered buildings, or Contaminate may cause inaccurate times.
  • Supply counts are checked every 10 seconds.